 Dungeon Crawl Stone Soup version 0.28.0-49-g6dfe1f597d (webtiles) character file.

Game seed: 11651955315660976166

70 Exodus22XD the Poker (level 4, -2/34 HPs)
             Began as a Demonspawn Gladiator on May 15, 2022.
             Slain by an ice beast (12 damage)
             ... on level 3 of the Dungeon.
             The game lasted 00:01:24 (2820 turns).

Exodus22XD the Poker (Demonspawn Gladiator)         Turns: 2820, Time: 00:01:25

Health: -2/34      AC:  5    Str: 16    XL:     4   Next: 3%
Magic:  4/4        EV: 12    Int: 10    God:
Gold:   65         SH:  0    Dex: 14    Spells: 3/3 levels left

rFire   + . .      SeeInvis .   a - +0 trident
rCold   . . .      Faith    .   (no shield)
rNeg    . . .      Spirit   .   b - +0 leather armour
rPois   .          Reflect  .   (helmet restricted)
rElec   +          Harm     .   (no cloak)
rCorr   .          Rampage  .   l - +1 pair of gloves of the Bull {rElec rF+}
Will    .....                   (no boots)
Stlth   +.........              (no amulet)
HPRegen 0.11/turn               (no ring)
MPRegen 0.09/turn               (no ring)

@: no status effects
A: antennae 1
a: no special abilities


You were on level 3 of the Dungeon.
You visited 1 branch of the dungeon, and saw 3 of its levels.

You collected 65 gold pieces.

Inventory:

Hand Weapons
 a - a +0 trident (weapon)
Missiles
 d - 3 throwing nets (quivered)
Armour
 b - a +0 leather armour (worn)
 c - a +0 helmet
 l - the +1 pair of gloves of the Bull (worn) {rElec rF+}
   (You found it on level 2 of the Dungeon)

   rF:        It protects you from fire.
   rElec:     It insulates you from electricity.
Scrolls
 f - a scroll of silence {unknown}
 g - a scroll of brand weapon {unknown}
 n - a scroll of immolation {unknown}
 o - a scroll of identify {unknown}
 p - a scroll of vulnerability {unknown}
Potions
 e - a potion of might {unknown}
 h - a potion of brilliance {unknown}
 i - a potion of curing {unknown}
 j - a potion of cancellation {unknown}
 k - a potion of mutation {unknown}
 m - a potion of flight {unknown}


   Skills:
 + Level 2.6 Fighting
 + Level 3.5 Polearms
 + Level 1.8 Throwing
 + Level 0.8 Armour
 + Level 3.1 Dodging
 + Level 0.1 Stealth


You had 3 spell levels left.
You didn't know any spells.
Your spell library was empty.

Dungeon Overview and Level Annotations

Branches:
Dungeon (3/15)

Altars:

Shops:
D:1 *


Innate Abilities, Weirdness & Mutations

You have a pair of small antennae on your head.


Message History

The bat barely misses you.
You hit the bat.
You kill the bat!
An ice beast comes into view.
An ice beast is nearby!
An ice beast is nearby!
You reach to attack!
You hit the ice beast.
The ice beast is lightly wounded.
Okay, then.
You hit the ice beast.
The ice beast is lightly wounded.
The ice beast hits you. The ice beast freezes you!
The ice beast barely misses you.
You puncture the ice beast!
The ice beast is heavily wounded.
The ice beast hits you but does no damage.
You hit the ice beast.
The ice beast is severely wounded.
The ice beast hits you but does no damage.
You closely miss the ice beast.
The ice beast is severely wounded.
The ice beast completely misses you.
You barely miss the ice beast.
The ice beast is severely wounded.
The ice beast hits you. The ice beast freezes you.
You hit the ice beast but do no damage.
The ice beast is severely wounded.
The ice beast hits you but does no damage.
You hit the ice beast.
The ice beast is severely wounded.
The ice beast closely misses you.
You hit the ice beast but do no damage.
The ice beast is severely wounded.
The ice beast hits you but does no damage.
You completely miss the ice beast.
The ice beast is severely wounded.
The ice beast hits you.
* * * LOW HITPOINT WARNING * * *
The ice beast freezes you!
You die...

#. ###. ... #.## ≈ #.<#
.≈ ##.###.#.#
..#########.....≈≈≈ ≈
#>....†......#...≈.≈.
#########...@###≈..≈.
#####........Y.....≈≈
#####......######.>.≈≈.≈♣
#.........## #####≈.≈.
########### ###


You could see an ice beast.

Vanquished Creatures
  2 adders (D:2)
  4 worms (D:2)
  A dart slug (D:2)
  3 endoplasms (D:2)
  A giant cockroach (D:2)
  3 goblins
  5 hobgoblins
  A kobold (D:2)
  A quokka (D:2)
  7 ball pythons
  3 bats
  3 frilled lizards (D:2)
  7 rats
41 creatures vanquished.

Notes
Turn   | Place    | Note
-------+----------+-------------------------------------------
     0 | D:1      | Exodus22XD the Demonspawn Gladiator began the quest for the
                  | Orb.
     0 | D:1      | Reached XP level 1. HP: 16/16 MP: 1/1
   421 | D:1      | Found Ijinel's Assorted Antiques.
   482 | D:1      | Discovered your monstrous ancestry.
   482 | D:1      | Gained mutation: You have a pair of small antennae on your
                  | head. [demonic ancestry]
   482 | D:1      | Reached XP level 2. HP: 16/22 MP: 2/2
  1339 | D:2      | Found a faded altar of an unknown god.
  1548 | D:2      | Reached XP level 3. HP: 27/27 MP: 3/3
  2099 | D:2      | Identified the +1 pair of gloves of the Bull {rElec rF+}
  2615 | D:2      | Reached XP level 4. HP: 34/34 MP: 4/4
  2807 | D:3      | Noticed an ice beast
  2820 | D:3      | Slain by an ice beast

Illustrated notes

Levels and vault maps discovered:
D:1:      kennysheep_arrival_seaside, layout_loops_corners, serial_shops, shop
D:2:      minmay_razor_zed, layout_loops_ring,
          ebering_ecumenical_altar_abandoned
D:3:      layout_rooms, serial_rivers, chequers_serial_rivers_marsh,
          chequers_serial_rivers_small_b, chequers_serial_rivers_marsh,
          chequers_serial_rivers_micro_c, hangedman_decor_riveting

Skill      XL: |  1  2 |
---------------+-------+-----
Polearms       | 3 |  3.5
Dodging        | 3 |  3.1
Fighting       | |  2.6
Throwing       | |  1.8
Armour         | |  0.8
Stealth        | |  0.1

Action                   |  1- 3 |  4- 6 || total
-------------------------+-------+-------++-------
Melee: Trident           |   117 |    21 ||   138
       Punch             |     1 |       ||     1
 Stab: Sleeping          |     2 |       ||     2
Armor: Leather armour    |    19 |     8 ||    27
Dodge: Dodged            |    47 |    11 ||    58
